 Dungeon Crawl Stone Soup version 0.30-a0-918-g0ff054e9dc (webtiles) character file.

Game seed: 3953052898633808300

256 gelatine the Ducker (level 6, -4/51 HPs)
             Began as a Gnoll Wanderer on Mar 20, 2023.
             Was a Follower of Cheibriados.
             Slain by a sleepcap (19 damage)
             ... on level 7 of the Dungeon.
             The game lasted 00:07:42 (3868 turns).

gelatine the Ducker (Gnoll Wanderer)                Turns: 3868, Time: 00:07:43

Health: -4/51      AC:  4    Str: 13    XL:     6   Next: 15%
Magic:  20/20      EV:  2    Int: 16    God:    Cheibriados [*.....]
Gold:   214        SH:  0    Dex: 19    Spells: 6/11 levels left

rFire   . . .      SeeInvis .    t - +0 hand axe
rCold   . . .      Faith    .    (no shield)
rNeg    . . .      Spirit   .    e - +0 leather armour
rPois   .          Reflect  .    (no helmet)
rElec   .          Rampage  .    (no cloak)
rCorr   .                        (no gloves)
Will    .....                    q - +0 pair of boots
Stlth   ++                       (no amulet)
HPRegen 0.28/turn                v - +6 ring of dexterity
MPRegen 0.17/turn                s - ring of magical power

@: sleeping, very slow
A: fangs 1, strong nose, distributed training
a: Renounce Religion, Bend Time


You were on level 7 of the Dungeon.
You worshipped Cheibriados.
Cheibriados was aware of your devotion.
You visited 1 branch of the dungeon, and saw 5 of its levels.

You collected 214 gold pieces.

Inventory:

Hand Weapons
 a - a +0 dagger
 m - a +0 short sword
 t - a +0 hand axe (weapon)
Missiles
 b - a throwing net
 i - 2 boomerangs
 x - 11 poisoned darts
Armour
 e - a +0 leather armour (worn)
 q - a +0 pair of boots (worn)
Magical Staves
 u - a staff of cold
Jewellery
 l - a ring of protection from fire
 s - a ring of magical power (right hand)
 v - a +6 ring of dexterity (left hand)
Wands
 w - a wand of digging (5)
Scrolls
 d - a scroll of fear
 f - a scroll of enchant armour {unknown}
 g - a scroll of identify {unknown}
 o - a scroll of torment {unknown}
 p - a scroll of immolation {unknown}
Potions
 c - a potion of curing
 h - 4 potions of heal wounds {unknown}
 j - a potion of degeneration {unknown}
 k - a potion of berserk rage {unknown}
 n - a potion of flight {unknown}
 r - a potion of might {unknown}


   Skills:
 + Level 5.0 Fighting
 + Level 1.9 Short Blades
 + Level 1.9 Long Blades
 + Level 1.9 Axes
 + Level 1.9 Maces & Flails
 + Level 1.9 Polearms
 + Level 1.9 Staves
 + Level 1.9 Ranged Weapons
 + Level 1.9 Throwing
 + Level 3.2 Armour
 + Level 6.8 Dodging
 + Level 3.0 Stealth
 + Level 1.9 Shields
 + Level 1.9 Unarmed Combat
 + Level 3.4 Spellcasting
 + Level 2.6 Conjurations
 + Level 1.5 Hexes
 + Level 1.5 Summonings
 + Level 1.5 Necromancy
 + Level 1.5 Translocations
 + Level 1.5 Transmutations
 + Level 1.5 Fire Magic
 + Level 1.5 Ice Magic
 + Level 1.5 Air Magic
 + Level 1.5 Earth Magic
 + Level 1.5 Poison Magic
 + Level 2.1 Invocations
 + Level 3.2 Evocations


You had 6 spell levels left.
You knew the following spells:

 Your Spells              Type           Power      Damage    Failure   Level
a - Shock                 Conj/Air       36%        1d5       10%         1
b - Ensorcelled Hibernat  Hex/Ice        14%        N/A       19%         2
c - Static Discharge      Conj/Air       18%        2-3/arc   14%         2

Your spell library contained the following spells:

 Spells                   Type           Power      Damage    Failure   Level
 Passwall                 Tmut/Erth      5%         N/A       19%         2
 Hailstorm                Conj/Ice       9%         3d4       28%         3
 Swiftness                Air            7%         N/A       36%         3
 Vhi's Electric Charge    Tloc/Air       14%        N/A       36%         3
 Arcjolt                  Conj/Air       4%         1d14      95%         5
 Plasma Beam              Fire/Air       3%         2x1d15    98%         5


Dungeon Overview and Level Annotations

Branches:
Dungeon (7/15)
 Temple: D:4-7

Altars:
Cheibriados
Makhleb

Annotations:
D:3 2 transporters, Newt's ghost, novice KoHu


Innate Abilities, Weirdness & Mutations

You have very sharp teeth.
Your uncanny sense of smell can sniff out nearby items.
Your experience applies equally to all skills.


Message History

The sleepcap is heavily damaged.
The sleepcap closely misses you.
You hit the sleepcap but do no damage.
The sleepcap is heavily damaged.
The sleepcap barely misses you.
You hit the sleepcap but do no damage.
You bite the sleepcap, but do no damage.
The sleepcap is heavily damaged.
The sleepcap releases spores at you.
You are engulfed in a cloud of soporific spores!
You fall asleep.
The sleepcap releases spores at you.
You wake up.
You completely miss the sleepcap.
The sleepcap is heavily damaged.
The sleepcap misses you. The sleepcap completely misses you.
You hit the sleepcap but do no damage.
The sleepcap is heavily damaged.
The sleepcap closely misses you.
You hit the sleepcap but do no damage.
The sleepcap is heavily damaged.
The sleepcap releases spores at you!
* * * LOW HITPOINT WARNING * * *
You are engulfed in a cloud of soporific spores!
You are unaffected.
You hit the sleepcap.
The sleepcap is severely damaged.
The sleepcap releases spores at you but does no damage.
You hit the sleepcap.
The sleepcap is almost destroyed.
The sleepcap closely misses you.
You completely miss the sleepcap.
You bite the sleepcap, but do no damage.
The sleepcap is almost destroyed.
The sleepcap misses you. The sleepcap releases spores at you.
* * * LOW HITPOINT WARNING * * *
You are engulfed in a cloud of soporific spores!
You fall asleep.
The sleepcap releases spores at you but does no damage.
The sleepcap releases spores at you!!
You die...

.#....#........+
#######...###'## #
#....>#...###..##.#
#.....#...........#.#
+.....#.............###.
#.....#.......##+##.....
.############...........
.# #........... .#
#...@f...... .#
#........... .#
#........).. .#
#......".... .#
###+######## .#


You could see a sleepcap.

Vanquished Creatures
  A phantom (D:4)
  A scorpion (D:4)
  5 adders
  2 worms (D:2)
  2 dart slugs
  6 orcs (D:3)
  4 endoplasms
  2 giant cockroaches
  7 goblins
  5 hobgoblins
  4 jackals (D:2)
  3 quokkas
  5 ball pythons
  4 bats
  A frilled lizard (D:2)
  7 kobolds
  5 rats
64 creatures vanquished.

Notes
Turn   | Place    | Note
-------+----------+-------------------------------------------
     0 | D:1      | gelatine the Gnoll Wanderer began the quest for the Orb.
     0 | D:1      | gelatine set off with the following items: a +0 dagger, 2
                  | throwing nets, a potion of curing, a scroll of fear, a +0
                  | leather armour; and the following spell memorised: Shock;
                  | and the following spells available to memorise: Hailstorm.
     0 | D:1      | Reached XP level 1. HP: 20/20 MP: 4/4
   390 | D:1      | Reached XP level 2. HP: 24/26 MP: 0/5
   999 | D:2      | Reached XP level 3. HP: 20/31 MP: 1/7
  1013 | D:2      | Reached skill level 1 in Invocations
  1394 | D:2      | Reached skill level 1 in Short Blades
  1394 | D:2      | Reached skill level 1 in Long Blades
  1394 | D:2      | Reached skill level 1 in Axes
  1394 | D:2      | Reached skill level 1 in Maces & Flails
  1394 | D:2      | Reached skill level 1 in Polearms
  1394 | D:2      | Reached skill level 1 in Staves
  1394 | D:2      | Reached skill level 1 in Ranged Weapons
  1394 | D:2      | Reached skill level 1 in Throwing
  1394 | D:2      | Reached skill level 1 in Shields
  1394 | D:2      | Reached skill level 1 in Unarmed Combat
  1659 | D:2      | Reached XP level 4. HP: 28/38 MP: 3/8
  2364 | D:3      | Noticed Newt's ghost (novice KoHu)
  2364 | D:3      | Found a transporter.
  2378 | D:3      | Learned a level 2 spell: Ensorcelled Hibernation
  2389 | D:3      | Noticed a scorpion
  2656 | D:3      | Reached skill level 1 in Hexes
  2656 | D:3      | Reached skill level 1 in Summonings
  2656 | D:3      | Reached skill level 1 in Necromancy
  2656 | D:3      | Reached skill level 1 in Translocations
  2656 | D:3      | Reached skill level 1 in Transmutations
  2656 | D:3      | Reached skill level 1 in Fire Magic
  2656 | D:3      | Reached skill level 1 in Ice Magic
  2656 | D:3      | Reached skill level 1 in Air Magic
  2656 | D:3      | Reached skill level 1 in Earth Magic
  2656 | D:3      | Reached skill level 1 in Poison Magic
  2785 | D:3      | Found a transporter.
  3082 | D:3      | Reached XP level 5. HP: 37/43 MP: 9/9
  3257 | D:3      | Found a faded altar of an unknown god.
  3278 | D:3      | Prayed at the altar of an unknown god.
  3278 | D:3      | Became a worshipper of Cheibriados the Contemplative
  3278 | D:3      | Reached * piety under Cheibriados
  3497 | D:4      | Found a burning altar of Makhleb.
  3497 | D:4      | Noticed an Executioner
  3626 | D:4      | Noticed a phantom
  3646 | D:4      | Killed a phantom
  3657 | D:4      | Reached skill level 5 in Fighting
  3657 | D:4      | Reached XP level 6. HP: 26/51 MP: 11/11
  3776 | D:4      | You fall into a shaft and drop 3 floors!
  3816 | D:7      | Noticed a steam dragon
  3833 | D:7      | Learned a level 2 spell: Static Discharge
  3868 | D:7      | Slain by a sleepcap

Illustrated notes

Levels and vault maps discovered:
D:1:      minmay_arrival_diagonal_passages, layout_loops_ring,
          minmay_misc_feat_square
D:2:      layout_basic, st_stairs_11, minmay_misc_feat_chi
D:3:      layout_loops_ring, shapermc_ecumenical_altar_mp_highgroup,
          gammafunk_ghost_arena, dk_noncrumbling_4
D:4:      layout_cave_pods, makhleb_altar_promises_db
D:7:      layout_gridville, minmay_temple_entry_water_ring, grunt_livestock,
          uniq_pikel

Skill      XL: |  1  2  3  4  5 |
---------------+----------------+-----
Conjurations   | 2 |  2.6
Invocations    | 1 2 |  2.1
Short Blades   | 1 |  1.9
Long Blades    | 1 |  1.9
Axes           | 1 |  1.9
Maces & Flails | 1 |  1.9
Polearms       | 1 |  1.9
Staves         | 1 |  1.9
Ranged Weapons | 1 |  1.9
Throwing       | 1 |  1.9
Shields        | 1 |  1.9
Unarmed Combat | 1 |  1.9
Spellcasting   | 3 |  3.4
Hexes          | 1 |  1.5
Summonings     | 1 |  1.5
Necromancy     | 1 |  1.5
Translocations | 1 |  1.5
Transmutations | 1 |  1.5
Fire Magic     | 1 |  1.5
Ice Magic      | 1 |  1.5
Air Magic      | 1 |  1.5
Earth Magic    | 1 |  1.5
Poison Magic   | 1 |  1.5
Armour         | 3 |  3.2
Evocations     | 3 |  3.2
Fighting       | 5 |  5.0
Stealth        | 3 |  3.0
Dodging        | |  6.8

Action                     |  1- 3 |  4- 6 || total
---------------------------+-------+-------++-------
  Melee: Dagger            |    10 |       ||    10
         Short sword       |    82 |    65 ||   147
         Bite              |     4 |    17 ||    21
         Hand axe          |       |    58 ||    58
         Punch             |       |     1 ||     1
  Throw: Throwing net      |     1 |       ||     1
   Cast: Shock             |    54 |    52 ||   106
         Ensorcelled Hiber |       |     8 ||     8
   Stab: Sleeping          |       |     1 ||     1
 Armour: Leather armour    |    13 |    23 ||    36
  Dodge: Dodged            |    66 |    74 ||   140

Table legend: (Time is in decaauts)
 A = Elapsed time spent in this place.
 B = Non-inter-level travel time spent in this place.
 C = Inter-level travel time spent in this place.
 D = Time resting spent in this place.
 E = Time spent auto-exploring this place.
 F = Levels seen in this place.
 G = Mean time per level.
                   A        B        C        D        E       F      G
               +--------+--------+--------+--------+--------+-----+--------+
         Total |   4031 |   3981 |     50 |      0 |   3333 |   5 |  806.2 |
       Dungeon |   4031 |   3981 |     50 |      0 |   3333 |   5 |  806.2 |
               +--------+--------+--------+--------+--------+-----+--------+

Top non-repeatable levels by time:
     D:2: 1495 daAuts
     D:3: 1201 daAuts
     D:1: 862 daAuts
     D:4: 354 daAuts
     D:7: 117 daAuts
